 Dungeon Crawl Stone Soup version 0.26-a0-18-g135ff06667 (webtiles) character file.

Game seed: 10730567199429873594, levelgen mode: deterministic

13799 ragnag the Fighter (level 11, -8/92 HPs)
             Began as a Demonspawn Venom Mage on May 24, 2020.
             Was an Elder of Vehumet.
             Mangled by a yak (11 damage)
             ... on level 2 of the Lair of Beasts on May 25, 2020.
             The game lasted 04:17:51 (17011 turns).

ragnag the Fighter (Demonspawn Venom Mage)         Turns: 17011, Time: 04:17:54

Health: -8/92      AC: 15    Str:  8    XL:     11   Next: 80%
Magic:  9/20       EV: 15    Int: 21    God:    Vehumet [****..]
Gold:   695        SH:  0    Dex: 13    Spells: 0/22 levels left

rFire    + . .     SeeInvis .   s - +3 hunting sling (flame)
rCold    . . .     Gourm    .   (no shield)
rNeg     . . .     Faith    .   J - +1 leather armour {rC+}
rPois    .         Spirit   .   (helmet restricted)
rElec    .         Reflect  .   b - +2 cloak
rCorr    .         Harm     .   f - +1 pair of gloves
MR       +....                  g - +2 pair of boots {Fly}
Stlth    ++........             (no amulet)
HPRegen  2.25/turn              u - ring of protection from magic
MPRegen  0.17/turn              I - ring of fire

@: lethally poisoned (-8 -> -8), flying, very slightly contaminated, slowed,
very slow
A: horns 1, icy blue scales 2, powered by death 2
a: Renounce Religion, Stop Flying


You were on level 2 of the Lair of Beasts.
You worshipped Vehumet.
Vehumet was greatly pleased with you.
You were not hungry.

You visited 3 branches of the dungeon, and saw 13 of its levels.

You collected 695 gold pieces.

Inventory:

Hand Weapons
 k - a +0 short sword
 r - a +0 trident
 s - a +3 hunting sling of flaming (weapon)
 A - a +0 dagger of speed
Missiles
 e - 449 stones
 m - 8 throwing nets
 p - 83 sling bullets (quivered)
 x - 20 poisoned darts
 C - 12 boomerangs
Armour
 b - a +2 cloak (worn)
 f - a +1 pair of gloves (worn)
 g - a +2 pair of boots of flying (worn)
 B - a scarf of invisibility
 J - a +1 leather armour of cold resistance (worn)
Jewellery
 j - an uncursed ring of protection from cold
 u - a ring of protection from magic (left hand)
 y - an uncursed ring of positive energy
 G - a +6 ring of dexterity
 H - a +4 ring of protection
 I - a ring of fire (right hand)
Wands
 n - a wand of flame (71)
 K - a wand of enslavement (7)
 M - a wand of iceblast (3)
Scrolls
 o - 6 scrolls of teleportation
 v - a scroll of immolation
 w - a scroll of fear
 z - 3 scrolls of magic mapping
 L - 2 scrolls of blinking
 R - a scroll of remove curse
Potions
 d - a potion of haste
 h - a potion of brilliance
 i - a potion of berserk rage
 l - 2 potions of magic
 q - 3 potions of flight
 t - 3 potions of lignification
 D - a potion of resistance
 F - a potion of cancellation {unknown}
Comestibles
 c - 27 rations


   Skills:
 + Level 10.9 Fighting
 - Level 8.0 Dodging
 - Level 1.7 Stealth
 - Level 6.0 Spellcasting
 * Level 6.5 Conjurations
 - Level 3.0 Charms
 - Level 3.0 Translocations
 - Level 0.8 Transmutations
 - Level 4.3 Fire Magic
 + Level 3.5 Air Magic
 - Level 8.0 Poison Magic


You couldn't memorise any spells.
You knew the following spells:

 Your Spells              Type           Power        Failure   Level  Hunger
a - Sting                 Tmut/Pois      ###.         2%          1    None
b - Poisonous Vapours     Pois/Air       ####..       1%          2    None
c - Mephitic Cloud        Conj/Pois/Air  ####....     1%          3    ##.....
d - Ignite Poison         Fire/Tmut/Pois #####...     1%          3    ##.....
e - Olgreb's Toxic Radia  Pois           #####...     1%          4    ####...
f - Shroud of Golubria    Chrm/Tloc      ###...       6%          2    None
g - Magic Dart            Conj           ####         1%          1    None
h - Swiftness             Chrm/Air       ###.....     5%          2    None
i - Iskenderun's Mystic   Conj/Tloc      ####....     5%          4    ####...

Your spell library contained the following spells:

 Spells                   Type           Power        Failure   Level  Hunger
 Song of Slaying          Chrm           ###.....     6%          2    None
 Spider Form              Tmut/Pois      ###.......   7%          3    ##.....
 Beastly Appendage        Tmut           #.....       10%         1    None
 Sticks to Snakes         Tmut           #.......     16%         2    None
 Passwall                 Tmut/Erth      #.......     19%         2    None
 Ice Form                 Ice/Tmut       #.......     75%         4    ####...
 Blade Hands              Tmut           #.........   95%         5    #####..


Dungeon Overview and Level Annotations

Branches:
Dungeon (10/15)            Temple (1/1) D:7            Lair (2/6) D:10
  Swamp (0/4) Lair:2          Orc (0/2) D:10
  Snake: Lair:2-4    Spider: Lair:2-4

Altars:
Ashenzari
Cheibriados
Dithmenos
Elyvilon
Fedhas
Gozag
Hepliaklqana
Kikubaaqudgha
Makhleb
Okawaru
Qazlal
Ru
Sif Muna
Trog
Uskayaw
Vehumet
Wu Jian
Xom
Yredelemnul
Zin
The Shining One

Shops:
D:8 [


Innate Abilities, Weirdness & Mutations

You have a pair of small horns on your head.
You are mostly covered in icy blue scales. (AC +3)
You regenerate health from kills.


Message History

The yak seems to burn from within!
The yak is moderately wounded.
The yak seems to burn from within!!
The yak is severely wounded.
The yak seems to burn from within!!!
You kill the yak!
Vehumet accepts your kill.
You feel your power returning.
The yak seems to burn from within!
The yak is moderately wounded.
The yak is poisoned. x4
Your toxic aura wanes.
You feel sick. The yak gores you!
* * * LOW HITPOINT WARNING * * *
The yak gores you but does no damage. The yak completely misses you.
The yak barely misses you. The yak closely misses you. The yak gores you.
* * * LOW HITPOINT WARNING * * *
The yak gores you!
* * * LOW HITPOINT WARNING * * *
The yak gores you!
You die...

#......#...P####
#..........##
##.......#..#
##...........#
#............#
#.........#..#
#........##..#
##....Y.#.#.##
#....Y@Y...###
#.....YS.....#
##.........####...
#..........##.#...
#............#...Y
#...........#.....
##................
#................
#......P.........


You could see a guardian serpent and 4 yaks.

Vanquished Creatures
  2 hydras
  2 two-headed ogres
  A deep elf mage (D:10)
  Joseph (D:9)
  Maggie (D:10)
  2 spiny frogs
  3 komodo dragons (Lair:1)
  A centaur skeleton (D:10)
  Psyche (D:9)
  Grinder (D:3)
  3 trolls
  3 hippogriffs
  6 yaks
  A basilisk (Lair:2)
  A hungry ghost (D:6)
  A water moccasin (Lair:2)
  3 porcupines
  5 orc warriors
  2 phantoms
  4 sky beasts
  2 centaurs
  8 ogres
  6 wolves (Lair:1)
  3 big kobolds (D:10)
  5 bullfrogs
  A wyvern zombie (D:10)
  5 gnoll sergeants (D:10)
  A scorpion (D:9)
  3 howler monkeys
  5 crimson imps
  3 jellies
  A quasit (D:9)
  2 bullfrog zombies (D:9)
  7 hounds
  10 orc priests
  A gnoll shaman (D:8)
  9 orc wizards
  Jessica (D:3)
  8 iguanas
  10 worker ants
  A mummy (D:8)
  Robin (D:3)
  16 gnolls
  17 adders
  2 howler monkey skeletons
  2 shadow imps
  2 oozes
  An adder skeleton (D:8)
  4 worms
  3 dart slugs
  11 leopard geckos
  41 orcs
  2 ball pythons
  11 bats
  4 giant cockroaches
  14 goblins
  15 hobgoblins
  14 jackals
  4 quokkas
  4 frilled lizards
  8 kobolds
  A leopard gecko zombie (D:5)
  2 quokka skeletons
  6 rats
  A fungus (Lair:1)
  5 plants (D:10)
327 creatures vanquished.

Vanquished Creatures (others)
  A plant (D:7)
1 creature vanquished.

Grand Total: 328 creatures vanquished

Notes
Turn   | Place    | Note
-------+----------+-------------------------------------------
     0 | D:1      | ragnag the Demonspawn Venom Mage began the quest for the
                  | Orb.
     0 | D:1      | Reached XP level 1. HP: 13/13 MP: 3/3
   182 | D:1      | Reached skill level 1 in Fighting
   182 | D:1      | Gained mutation: You regenerate a little health from kills.
                  | [demonic ancestry]
   182 | D:1      | Reached XP level 2. HP: 16/21 MP: 1/5
   409 | D:1      | Learned a level 2 spell: Poisonous Vapours
   886 | D:1      | Reached XP level 3. HP: 27/27 MP: 4/6
  1006 | D:2      | Reached skill level 2 in Fighting
  1133 | D:2      | Reached XP level 4. HP: 28/33 MP: 5/7
  2118 | D:2      | Found a bloodstained altar of Trog.
  2255 | D:2      | Reached skill level 6 in Fighting
  2255 | D:2      | Reached skill level 5 in Spellcasting
  2255 | D:2      | Reached skill level 5 in Conjurations
  2255 | D:2      | Reached XP level 5. HP: 46/46 MP: 7/12
  2260 | D:2      | Learned a level 3 spell: Mephitic Cloud
  2264 | D:2      | Learned a level 3 spell: Ignite Poison
  2606 | D:3      | Reached XP level 6. HP: 52/52 MP: 7/14
  2847 | D:3      | Noticed Robin
  2847 | D:3      | Noticed Jessica
  2865 | D:3      | Killed Robin
  2972 | D:3      | Noticed Grinder
  3007 | D:3      | Killed Jessica
  3301 | D:3      | Found a shimmering altar of Xom.
  3674 | D:4      | Found a sacrificial altar of Ru.
  3759 | D:4      | Gained mutation: You are partially covered in icy blue
                  | scales. (AC +2) [demonic ancestry]
  3759 | D:4      | Reached XP level 7. HP: 59/59 MP: 12/15
  4916 | D:5      | Entered Level 5 of the Dungeon
  5071 | D:5      | Reached skill level 7 in Fighting
  5071 | D:5      | Reached skill level 1 in Fire Magic
  5071 | D:5      | Gained mutation: You regenerate health from kills. [demonic
                  | ancestry]
  5071 | D:5      | Reached XP level 8. HP: 67/67 MP: 12/16
  7004 | D:6      | Learned a level 4 spell: Olgreb's Toxic Radiance
  7312 | D:7      | Found a bloodstained altar of Trog.
  7374 | D:7      | Found a staircase to the Ecumenical Temple.
  7398 | Temple   | Entered the Ecumenical Temple
  7531 | Temple   | Became a worshipper of Vehumet
  7633 | D:7      | Found a hazy altar of Hepliaklqana.
  7654 | D:7      | Found a white marble altar of Elyvilon.
  7937 | D:7      | Reached XP level 9. HP: 74/74 MP: 13/17
  7993 | D:7      | Identified Spellcasting Continued
  7998 | D:7      | Learned a level 2 spell: Shroud of Golubria
  8140 | D:7      | Found a stormy altar of Qazlal.
  8172 | D:7      | Found a sacrificial altar of Ru.
  8344 | D:7      | Reached skill level 1 in Translocations
  8586 | D:3      | Paralysed by Grinder for 6 turns
  8596 | D:3      | Paralysed by Grinder for 6 turns
  8606 | D:3      | Paralysed by Grinder for 7 turns
  8615 | D:3      | Killed Grinder
  8615 | D:3      | Reached skill level 8 in Fighting
  8867 | D:8      | Reached * piety under Vehumet
  8867 | D:8      | Offered knowledge of Magic Dart by Vehumet.
  8934 | D:8      | Learned a level 1 spell: Magic Dart
  9020 | D:8      | Found a sand-covered staircase.
  9481 | D:8      | Learned a level 2 spell: Swiftness
  9826 | D:8      | Reached skill level 1 in Charms
 10218 | D:8      | Found Ufafoagij's Antique Armour Boutique.
 10319 | D:9      | Noticed Joseph
 10325 | D:9      | Killed Joseph
 10721 | D:9      | Reached ** piety under Vehumet
 10823 | D:9      | Offered knowledge of Freeze by Vehumet.
 10836 | D:9      | Gained mutation: You have a pair of small horns on your
                  | head. [demonic ancestry]
 10836 | D:9      | Reached XP level 10. HP: 78/82 MP: 8/18
 10938 | D:9      | Noticed a two-headed ogre
 11129 | D:8      | Killed a two-headed ogre
 11129 | D:8      | Reached skill level 9 in Fighting
 11618 | D:9      | Noticed Psyche
 11642 | D:9      | Killed Psyche
 12022 | D:9      | Offered knowledge of Searing Ray by Vehumet.
 12259 | D:9      | Found a snail-covered altar of Cheibriados.
 12345 | D:10     | Entered Level 10 of the Dungeon
 12442 | D:9      | Reached skill level 5 in Dodging
 12585 | D:10     | Noticed a two-headed ogre
 12601 | D:10     | Killed a two-headed ogre
 12601 | D:10     | Reached skill level 1 in Air Magic
 12646 | D:9      | Reached *** piety under Vehumet
 12962 | D:10     | Noticed a five-headed hydra
 12968 | D:10     | Killed a five-headed hydra
 13030 | D:10     | Found a staircase to the Lair.
 13095 | D:10     | Noticed a deep elf mage
 13120 | D:10     | Killed a deep elf mage
 13205 | D:10     | Noticed Maggie
 13372 | D:10     | Killed Maggie
 13372 | D:10     | Gained mutation: You are mostly covered in icy blue scales.
                  | (AC +3) [demonic ancestry]
 13372 | D:10     | Reached XP level 11. HP: 90/90 MP: 7/19
 13555 | D:10     | Found a staircase to the Orcish Mines.
 13684 | D:10     | Offered knowledge of Sticky Flame by Vehumet.
 14132 | D:10     | Reached skill level 10 in Fighting
 14173 | D:10     | Found an iron altar of Okawaru.
 14547 | Lair:1   | Entered Level 1 of the Lair of Beasts
 15454 | Lair:1   | Noticed a six-headed hydra
 15644 | Lair:1   | Killed a six-headed hydra
 15815 | Lair:1   | Reached **** piety under Vehumet
 15930 | Lair:2   | Found a staircase to the Swamp.
 15953 | Lair:1   | Offered knowledge of Iskenderun's Mystic Blast by Vehumet.
 15959 | Lair:1   | Learned a level 4 spell: Iskenderun's Mystic Blast
 16308 | Lair:2   | Upgraded the game from 0.26-a0-6-g448add79b7 to
                  | 0.26-a0-18-g135ff06667
 17011 | Lair:2   | HP: 3/92 [yak (9)]
 17011 | Lair:2   | Mangled by a yak

Illustrated notes

Levels and vault maps discovered:
D:1:      shiori_arrival_maze, layout_rooms, st_stairs_12, minivault_5
D:2:      kennysheep_six_static_rooms, layout_rooms, trog_hazing_becter
D:3:      layout_rooms, marbit_many_paths, led_xom_imps, uniq_jessica,
          uniq_robin, uniq_grinder
D:4:      layout_loops_ring, lemuel_crystal_altar, first_ration
D:5:      layout_loops_ring, kennysheep_generic_room_7
D:6:      layout_basic, skrybe_limestone_x, minmay_holes
D:7:      layout_loops_ring, elyvilon_altar_1, grunt_qazlal_clouds,
          minmay_temple_entry_antechambers, corner_web_ring,
          hangedman_decor_lopped, hangedman_feature_mirror, grunt_ogre_cave,
          nicolae_ru_path_of_blood
D:8:      layout_loops_cross, gup_ossuary_entry_pyramid, serial_shops,
          kennysheep_mini_moat
D:9:      layout_rooms, lemuel_round_altar, uniq_psyche, uniq_joseph
D:10:     layout_small_grid, dpeg_oklobed_lair,
          kennysheep_orc_monster_closet_entryway, basic_altar, uniq_maggie
Temple:   eino_temple_scatter_basement
Lair:1:   layout_regular_city, infiniplex_staircase_pool
Lair:2:   layout_cave_pods, minmay_swamp_entry_wisps,
          minmay_snake_entry_spellcaster, serial_bayou_shore_a,
          grunt_megastairs_5, lemuel_fruit_tree

Skill      XL: |  1  2  3  4  5  6  7  8  9 10 11 |
---------------+----------------------------------+-----
Fighting       | 1 2 6 7 8 9 10 | 10.9
Poison Magic   | 4 7 8 |  8.0
Spellcasting   | 5 6 |  6.0
Conjurations   | 5 6 |  6.5
Fire Magic     | 1 4 |  4.3
Translocations | 3 |  3.0
Charms         | 3 |  3.0
Dodging        | 2 6 8 |  8.0
Air Magic      | 2 3 |  3.5
Stealth        | |  1.7
Transmutations | |  0.8

Action                   |  1- 3 |  4- 6 |  7- 9 | 10-12 || total
-------------------------+-------+-------+-------+-------++-------
Melee: Short sword       |     2 |    34 |    96 |    83 ||   215
       Dagger            |       |       |    64 |    32 ||    96
       Headbutt          |       |       |       |    53 ||    53
       Trident           |       |       |       |    93 ||    93
 Fire: Hunting sling     |       |     3 |    72 |    92 ||   167
Throw: Boomerang         |    28 |    76 |    46 |     2 ||   152
       Stone             |       |       |    11 |       ||    11
 Cast: Sting             |    38 |    50 |   119 |    60 ||   267
       Poisonous Vapours |       |    54 |   113 |    88 ||   255
       Mephitic Cloud    |       |     1 |     7 |     9 ||    17
       Ignite Poison     |       |       |    12 |    48 ||    60
       Olgreb's Toxic Ra |       |       |     3 |     5 ||     8
       Magic Dart        |       |       |    27 |    19 ||    46
       Swiftness         |       |       |       |     5 ||     5
       Iskenderun's Myst |       |       |       |     6 ||     6
Evoke: Wand              |       |       |       |     8 ||     8
  Use: Scroll            |     2 |    12 |    11 |     5 ||    30
       Potion            |       |     1 |     2 |     3 ||     6
  Eat: Chunk             |     1 |    10 |    30 |     9 ||    50
       Ration            |       |       |     4 |     4 ||     8
Armor: Robe              |     9 |     9 |   156 |    34 ||   208
       Leather armour    |       |       |       |    16 ||    16
Dodge: Dodged            |    26 |    45 |   171 |   120 ||   362

Table legend:
 A = Non-vault XP
 B = Vault XP
 C = Vault XP percentage of total XP
 D = Non-vault monster count
 E = Vault monster count
 F = Vault count percentage of total count
                 A         B        C        D         E       F
            +---------+---------+-------+---------+---------+-------
      Total |   15053 |    4503 |  23.0 |     259 |      62 |  19.3
            +---------+---------+-------+---------+---------+-------
        D:1 |      64 |      12 |  15.8 |      21 |       4 |  16.0
        D:2 |     126 |      23 |  15.4 |      25 |      12 |  32.4
        D:3 |     215 |     517 |  70.6 |      25 |      18 |  41.9
        D:4 |     512 |       0 |   0.0 |      20 |       0 |   0.0
        D:5 |     534 |     156 |  22.6 |      18 |       2 |  10.0
        D:6 |     444 |       0 |   0.0 |      16 |       0 |   0.0
        D:7 |     645 |      86 |  11.8 |      21 |       1 |   4.5
        D:8 |    2181 |      21 |   1.0 |      43 |       1 |   2.3
        D:9 |    1877 |     828 |  30.6 |      31 |       2 |   6.1
       D:10 |    3545 |    2099 |  37.2 |      16 |      20 |  55.6
     Lair:1 |    3642 |     350 |   8.8 |      16 |       1 |   5.9
     Lair:2 |    1268 |     411 |  24.5 |       7 |       1 |  12.5
            +---------+---------+-------+---------+---------+-------
